 Dungeon Crawl Stone Soup version 0.28-a0-925-gd5e1996cdb (webtiles) character file.

Game seed: 10226436614269771896

83 oldmanjim the Chopper (level 4, -5/40 HPs)
             Began as a Hill Orc Fighter on Nov 26, 2021.
             Slain by Grinder (7 damage)
             ... on level 3 of the Dungeon.
             The game lasted 00:08:08 (1721 turns).

oldmanjim the Chopper (Hill Orc Fighter)            Turns: 1721, Time: 00:08:09

Health: -5/40      AC:  9    Str: 19    XL:     4   Next: 44%
Magic:  4/4        EV:  9    Int:  8    God:
Gold:   32         SH:  4    Dex: 10    Spells: 3/3 levels left

rFire   . . .      SeeInvis .   a - +0 war axe
rCold   . . .      Faith    .   c - +0 buckler
rNeg    . . .      Spirit   .   b - +0 scale mail
rPois   .          Reflect  .   (no helmet)
rElec   .          Harm     .   f - +0 cloak
rCorr   .          Rampage  .   r - +0 pair of gloves
Will    .....                   (no boots)
Stlth   ..........              (no amulet)
HPRegen 0.13/turn               (no ring)
MPRegen 0.09/turn               (no ring)

@: no status effects
A: no striking features
a: no special abilities


You were on level 3 of the Dungeon.
You visited 1 branch of the dungeon, and saw 3 of its levels.

You collected 71 gold pieces.
You spent 39 gold pieces at shops.

Inventory:

Hand Weapons
 a - a +0 war axe (weapon)
Missiles
 g - 25 sling bullets
 h - 14 poisoned darts (quivered)
 i - 41 stones
 l - 16 bolts
 o - 22 arrows
Armour
 b - a +0 scale mail (worn)
 c - a +0 buckler (worn)
 f - a +0 cloak (worn)
 r - a +0 pair of gloves (worn)
Scrolls
 j - 2 scrolls of identify {unknown}
 m - 2 scrolls of teleportation {unknown}
 n - a scroll of holy word {unknown}
 t - a scroll of magic mapping {unknown}
Potions
 d - a potion of might
 e - a potion of invisibility {unknown}
 k - a potion of attraction {unknown}
 p - 2 potions of flight {unknown}
 q - a potion of resistance {unknown}
 s - 2 potions of curing


   Skills:
 - Level 4.0 Fighting
 + Level 4.3 Axes
 - Level 4.0 Armour
 - Level 4.0 Shields


You had 3 spell levels left.
You didn't know any spells.
Your spell library contained the following spells:

 Spells                   Type           Power      Damage    Failure   Level
 Beastly Appendage        Tmut           0%         N/A       77%         1
 Ensorcelled Hibernation  Hex/Ice        0%         N/A       88%         2
 Wereblood                Tmut           0%         N/A       88%         2
 Gell's Gravitas          Tloc           0%         N/A       98%         3
 Lesser Beckoning         Tloc           0%         N/A       98%         3
 Spider Form              Tmut/Pois      0%         N/A       98%         3
 Teleport Other           Tloc           0%         N/A       98%         3
 Tukima's Dance           Hex            0%         N/A       98%         3


Dungeon Overview and Level Annotations

Branches:
Dungeon (3/15)

Altars:
Fedhas

Shops:
D:2 !!

Annotations:
D:3 Grinder


Message History

Grinder is moderately wounded.
Grinder barely misses you.
You slash Grinder!
Grinder is heavily wounded.
Grinder gestures at you. Pain shoots through your body!
Grinder gestures at you.
You suddenly lose the ability to move!
Grinder blinks!
Grinder gestures at you. Pain shoots through your body!
Grinder gestures at you.
You barely resist.
You can move again.
You hit Grinder.
Grinder is heavily wounded.
Grinder gestures at you. Pain shoots through your body!
You barely miss Grinder.
Grinder is heavily wounded.
Grinder gestures at you. Pain shoots through your body!
* * * LOW HITPOINT WARNING * * *
You slash Grinder!
Grinder is severely wounded.
Grinder hits you.
* * * LOW HITPOINT WARNING * * *
You writhe in agony.
* * * LOW HITPOINT WARNING * * *
Grinder closely misses you.
You closely miss Grinder.
Grinder is severely wounded.
Grinder barely misses you.
You hit Grinder but do no damage.
Grinder is severely wounded.
Grinder closely misses you.
You closely miss Grinder.
Grinder is severely wounded.
Grinder hits you!
You die...

######## #......#
#......# #......#
#>.<...# #......#
#..5@..# ###..###
######.รท#### ###.
........)).##### #....
#####..........###..#..
###.####.##.........
...............#....
...#..............#
#.#..........5.....#


You could see Grinder.

Vanquished Creatures
  2 gnolls (D:3)
  An adder (D:3)
  2 dart slugs (D:1)
  6 endoplasms (D:1)
  3 giant cockroaches
  5 goblins
  8 hobgoblins (D:1)
  3 kobolds
  A quokka (D:1)
  5 ball pythons
  7 bats
  A frilled lizard (D:1)
  A rat (D:2)
45 creatures vanquished.

Notes
Turn   | Place    | Note
-------+----------+-------------------------------------------
     0 | D:1      | oldmanjim the Hill Orc Fighter began the quest for the Orb.
     0 | D:1      | Reached XP level 1. HP: 19/19 MP: 1/1
    84 | D:1      | Reached XP level 2. HP: 27/27 MP: 2/2
   224 | D:1      | Found a faded altar of an unknown god.
   336 | D:1      | Reached XP level 3. HP: 33/33 MP: 3/3
   908 | D:2      | Found a blossoming altar of Fedhas.
   973 | D:2      | Found Mojal's Distillery.
   976 | D:2      | Bought a potion of curing for 39 gold pieces
  1071 | D:2      | Found Heywih's Distillery.
  1461 | D:3      | Reached XP level 4. HP: 34/40 MP: 4/4
  1694 | D:3      | Noticed Grinder
  1710 | D:3      | Paralysed by Grinder for 5 turns
  1718 | D:3      | HP: 1/40 [Grinder (3)]
  1721 | D:3      | Slain by Grinder

Illustrated notes

Levels and vault maps discovered:
D:1:      dpeg_arrival_ternary, layout_loops_ring,
          hellmonk_ecumenical_altar_arch_garden, minmay_close_crescents
D:2:      layout_loops_ring, serial_shops, shop, nicolae_shop_crystal,
          basic_altar
D:3:      layout_rooms, amcnicky_mini_corridor_feature, uniq_grinder, uniq_robin

Skill      XL: |  1  2  3  4 |
---------------+-------------+-----
Axes           | 3 4 |  4.3
Fighting       | 4 |  4.0
Shields        | 4 |  4.0
Armour         | 4 |  4.0

Action                   |  1- 3 |  4- 6 || total
-------------------------+-------+-------++-------
Melee: War axe           |    80 |    28 ||   108
Throw: Dart              |       |     1 ||     1
Armor: Scale mail        |    43 |    19 ||    62
Dodge: Dodged            |    45 |    18 ||    63
Block: Buckler           |    16 |     7 ||    23

Table legend: (Time is in decaauts)
 A = Elapsed time spent in this place.
 B = Non-inter-level travel time spent in this place.
 C = Inter-level travel time spent in this place.
 D = Time resting spent in this place.
 E = Time spent auto-exploring this place.
 F = Levels seen in this place.
 G = Mean time per level.
                   A        B        C        D        E       F      G
               +--------+--------+--------+--------+--------+-----+--------+
         Total |   1755 |   1676 |     79 |      0 |   1322 |   3 |  585.0 |
       Dungeon |   1755 |   1676 |     79 |      0 |   1322 |   3 |  585.0 |
               +--------+--------+--------+--------+--------+-----+--------+

Top non-repeatable levels by time:
     D:1: 843 daAuts
     D:2: 626 daAuts
     D:3: 285 daAuts
